 Dungeon Crawl Stone Soup version 0.29-a0-791-ga0f254aafb (webtiles) character file.

Game seed: 16031253025104932660

3441 Malachi the Carver (level 9, -4/63 HPs)
             Began as a Demonspawn Monk on July 3, 2022.
             Was a Follower of Yredelemnul.
             Killed from afar by an acid dragon (21 damage)
             ... with a splash of acid
             ... on level 7 of the Dungeon.
             The game lasted 00:11:25 (8405 turns).

Malachi the Carver (Demonspawn Monk)                Turns: 8405, Time: 00:11:25

Health: -4/63      AC:  8    Str: 11    XL:     9   Next: 77%
Magic:  11/11      EV: 16    Int: 12    God:    Yredelemnul [*.....]
Gold:   479        SH:  0    Dex: 26    Spells: 8/8 levels left

rFire   . . .      SeeInvis .   a - +1 falchion
rCold   . . .      Faith    +   (no shield)
rNeg    . . .      Spirit   .   r - +1 ring mail
rPois   .          Reflect  .   d - +0 helmet
rElec   .          Harm     .   (no cloak)
rCorr   .          Rampage  .   f - +0 pair of gloves
Will    +....                   (no boots)
Stlth   ++........              p - amulet of faith
HPRegen 0.20/turn               q - +6 ring of dexterity
MPRegen 0.12/turn               u - ring of willpower

@: repel missiles
A: claws 2, repulsion field 3, demonic magic 1
a: Renounce Religion, Recall Undead Harvest


You were on level 7 of the Dungeon.
You worshipped Yredelemnul.
Yredelemnul was noncommittal.
You visited 2 branches of the dungeon, and saw 8 of its levels.

You collected 479 gold pieces.

Inventory:

Hand Weapons
 a - a +1 falchion (weapon)
Missiles
 k - 6 curare-tipped darts (quivered)
Armour
 b - a +0 robe
 d - a +0 helmet (worn)
 f - a +0 pair of gloves (worn)
 h - +0 fire dragon scales
 r - a +1 ring mail (worn)
Magical Staves
 i - a staff of air
Jewellery
 p - an amulet of faith (around neck)
 q - a +6 ring of dexterity (left hand)
 t - a ring of protection from fire
 u - a ring of willpower (right hand)
 w - a ring of ice
 C - a ring of resist corrosion
Wands
 G - a wand of polymorph (1)
Scrolls
 c - a scroll of immolation {unknown}
 s - 3 scrolls of teleportation
 x - 2 scrolls of poison
 y - 2 scrolls of identify
 z - a scroll of fog {unknown}
 A - 2 scrolls of blinking {unknown}
 B - a scroll of amnesia {unknown}
 D - a scroll of fear {unknown}
Potions
 e - a potion of brilliance
 l - a potion of degeneration
 m - 2 potions of cancellation
 n - 2 potions of mutation {unknown}
 o - 2 potions of haste {unknown}
 v - a potion of might
 E - a potion of flight {unknown}
 F - a potion of attraction {unknown}


   Skills:
 - Level 3.0 Fighting
 * Level 12.7 Long Blades
 - Level 0.6 Throwing
 - Level 2.6 Dodging
 - Level 1.7 Stealth
 * Level 3.5 Invocations


You had 8 spell levels left.
You didn't know any spells.
Your spell library contained the following spells:

 Spells                   Type           Power      Damage    Failure   Level
 Shock                    Conj/Air       0%         1d3       63%         1
 Blink                    Tloc           0%         N/A       77%         2
 Conjure Flame            Conj/Fire      0%         6-21      94%         3
 Ignite Poison            Fire/Tmut/Pois 0%         N/A       94%         3
 Lesser Beckoning         Tloc           0%         N/A       94%         3
 Swiftness                Air            0%         N/A       94%         3
 Airstrike                Air            0%         0-1+      100%        4
 Sticky Flame             Conj/Fire      0%         2d3       100%        4
 Manifold Assault         Tloc           0%         N/A       100%        5


Dungeon Overview and Level Annotations

Branches:
Dungeon (7/15)             Temple (1/1) D:5

Altars:
Ashenzari
Cheibriados
Fedhas
Hepliaklqana
Kikubaaqudgha
Makhleb
Nemelex Xobeh
Okawaru
Qazlal
Uskayaw
Wu Jian
Xom
Yredelemnul

Portals:
Abyss: D:3


Innate Abilities, Weirdness & Mutations

You have very sharp fingernails.
You are surrounded by a strong repulsion field. (EV +4, RMsl)
Spells you cast may paralyse adjacent enemies.


Message History

* * * LOW HITPOINT WARNING * * *
The centaur kicks you but does no damage.
The centaur unwields a +3 halberd of freezing.
The centaur wields a +0 shortbow.
The centaur shoots an arrow.
The arrow hits your slime creature zombie!
Something bites your slime creature zombie.
Something claws your slime creature zombie.
Your slime creature zombie hits the centaur!
The centaur shoots an arrow.
The arrow hits your slime creature zombie!
You swap places.
Something bites your slime creature zombie!
Something claws your slime creature zombie.
The centaur shoots an arrow.
The arrow hits your slime creature zombie!
Your slime creature zombie hits something.
You swap places.
The centaur drinks a potion.
The centaur is healed!
Something bites your slime creature zombie.
Something claws your slime creature zombie.
The centaur shoots an arrow.
The arrow hits your slime creature zombie!
Your slime creature zombie hits something but does no damage.
Something bites your slime creature zombie!
Something claws your slime creature zombie.
Your slime creature zombie is destroyed!
The centaur shoots an arrow.
The arrow hits your centaur zombie!
The centaur shoots an arrow.
The arrow hits your centaur zombie! Something bites your centaur zombie!
Something claws your centaur zombie.
Your centaur zombie hits something.
Your centaur zombie closely misses something.
The centaur shoots an arrow.
The arrow hits your centaur zombie!
Your centaur zombie is destroyed!
Your orc zombie barely misses the acid dragon.
The acid dragon bites your orc zombie!
Your orc zombie is destroyed!
You can no longer trade souls for undead servants.
The acid dragon spits acid at you. The splash of acid hits you!!
You die...
Your body rises from the dead as a mindless zombie.

....##.. . # #.#.#.##
##. ###..###' #
#.#.#.#.## #.. #
##.#.... #.#.#.#.#.# #.#
# #.#.#...##.#.#.#.#.##
#.#
####.#.....cD#.#.#.#.#.+
#.#
.....#...#.##.#.#.#.#.#
#.## .....# ..
#.#.#.#.#.# #..# .....#
## ##Z#.#.#.#
########... ........
##Z#@#.# ##..ZZZZ..##
....#### ##.#.#
##ZZ###Z#### ......
#..###'###Z.## #.#
....### #.......ZZ## #.#
###.. ########### #.#
### #.. #.# #.#


You could see an acid dragon (catching breath) and a centaur.

Vanquished Creatures
  2 manticores (D:7)
  A slime creature (D:7)
  Sigmund (D:2)
  A water moccasin (D:7)
  2 small abominations (D:3)
  An ogre (D:5)
  The ghost of Zero the Digger, an amateur DrEE (D:3)
  A centaur (D:7)
  6 phantoms
  A bullfrog (D:7)
  6 scorpions
  A water moccasin skeleton (D:4)
  A centaur zombie (D:4)
  4 hounds
  3 jellies
  An orc priest (D:6)
  An iron imp (D:3)
  4 iguanas
  3 orc wizards
  2 scorpion zombies (D:4)
  A hound zombie (D:4)
  A hound skeleton (D:4)
  2 gnolls
  2 howler monkey skeletons (D:4)
  8 adders
  2 white imps
  4 adder zombies (D:4)
  A worm (D:3)
  2 dart slugs (D:3)
  19 orcs
  6 ball pythons
  6 endoplasms
  2 giant cockroaches
  A hobgoblin (D:2)
  2 jackals (D:3)
  3 quokkas
  3 bats
  A frilled lizard (D:1)
  7 goblins
  A jackal zombie (D:4)
  4 kobolds
  4 rats
125 creatures vanquished.

Vanquished Creatures (collateral kills)
  A sky beast (D:7)
  A kobold brigand (D:7)
  An adder (D:6)
  An ufetubus (D:7)
  2 training dummies (D:6)
6 creatures vanquished.

Vanquished Creatures (others)
  A slime creature zombie (D:7)
  A water moccasin zombie (D:7)
  A centaur zombie (D:7)
  An orc wizard (D:7)
  A scorpion zombie (D:6)
  A spectral white imp (D:7)
  5 orc zombies
  A plant (D:1)
  A withered plant (D:4)
13 creatures vanquished.

Grand Total: 144 creatures vanquished

Notes
Turn   | Place    | Note
-------+----------+-------------------------------------------
     0 | D:1      | Malachi the Demonspawn Monk began the quest for the Orb.
     0 | D:1      | Reached XP level 1. HP: 18/18 MP: 1/1
   242 | D:1      | Reached skill level 3 in Long Blades
   276 | D:1      | Gained mutation: You have sharp fingernails. [demonic
                  | ancestry]
   276 | D:1      | Reached XP level 2. HP: 3/24 MP: 2/2
  1197 | D:2      | Noticed Sigmund
  1207 | D:2      | Killed Sigmund
  1208 | D:2      | Reached skill level 5 in Long Blades
  1208 | D:2      | Gained mutation: You are surrounded by a mild repulsion
                  | field. (EV +2) [demonic ancestry]
  1208 | D:2      | Reached XP level 3. HP: 11/29 MP: 3/3
  1208 | D:2      | Reached XP level 4. HP: 13/35 MP: 4/4
  1208 | D:2      | Gained mutation: You are surrounded by a moderate repulsion
                  | field. (EV +3) [demonic ancestry]
  1208 | D:2      | Reached XP level 5. HP: 16/41 MP: 5/5
  2665 | D:3      | Found a stormy altar of Qazlal.
  2671 | D:3      | Found a transporter.
  2698 | D:3      | Found a transporter.
  2710 | D:3      | Reached skill level 6 in Long Blades
  2714 | D:3      | Found a one-way gate to the infinite horrors of the Abyss.
  2714 | D:3      | Noticed Zero's ghost (amateur DrEE)
  2715 | D:3      | Noticed a small abomination
  2727 | D:3      | Reached XP level 6. HP: 39/47 MP: 6/6
  2732 | D:3      | Killed a small abomination
  2741 | D:3      | Killed Zero's ghost
  2742 | D:3      | Reached skill level 7 in Long Blades
  3351 | D:4      | Found a blossoming altar of Fedhas.
  3351 | D:4      | Found a hide-covered altar of Uskayaw.
  3353 | D:4      | Found an ancient bone altar of Kikubaaqudgha.
  3359 | D:4      | Gained mutation: You are surrounded by a strong repulsion
                  | field. (EV +4, RMsl) [demonic ancestry]
  3359 | D:4      | Reached XP level 7. HP: 45/52 MP: 7/7
  3741 | D:4      | Reached skill level 8 in Long Blades
  4425 | D:4      | Gained mutation: Spells you cast may paralyse adjacent
                  | enemies. [demonic ancestry]
  4425 | D:4      | Reached XP level 8. HP: 36/58 MP: 8/8
  4434 | D:4      | Reached skill level 9 in Long Blades
  5153 | D:5      | Entered Level 5 of the Dungeon
  5450 | D:5      | Reached skill level 10 in Long Blades
  5815 | D:5      | Found a sparkling altar of Nemelex Xobeh.
  6130 | D:5      | Found a staircase to the Ecumenical Temple.
  6297 | Temple   | Entered the Ecumenical Temple
  6465 | Temple   | Became a worshipper of Yredelemnul the Dark
  6465 | Temple   | Reached * piety under Yredelemnul
  6652 | D:6      | Reached ** piety under Yredelemnul
  6807 | D:6      | Reached skill level 1 in Invocations
  7062 | D:6      | Reached skill level 11 in Long Blades
  7062 | D:6      | Gained mutation: You have very sharp fingernails. [demonic
                  | ancestry]
  7062 | D:6      | Reached XP level 9. HP: 57/63 MP: 9/9
  7590 | D:7      | Noticed a manticore
  7590 | D:7      | Noticed a manticore
  7590 | D:7      | Noticed a boulder beetle
  7605 | D:7      | Killed a manticore
  7805 | D:7      | Killed a manticore
  7806 | D:7      | Reached skill level 12 in Long Blades
  8293 | D:7      | Found a shimmering altar of Xom.
  8293 | D:7      | Found a snail-covered altar of Cheibriados.
  8394 | D:7      | Reached *** piety under Yredelemnul
  8405 | D:7      | Killed from afar by an acid dragon

Illustrated notes

Levels and vault maps discovered:
D:1:      dpeg_arrival_rooms_a, layout_rooms, nicolae_grassy_gnolls
D:2:      layout_basic, uniq_sigmund
D:3:      layout_rooms, nicolae_qazlal_general_emergency,
          gammafunk_ghost_abyssal_escape, kennysheep_pointless_box
D:4:      minmay_wonky_spiral, layout_cave_pools, grunt_temple_overflow_open,
          serial_undead, serial_undead_e, serial_undead_f, serial_undead_e,
          serial_undead_c, serial_undead_f, serial_undead_c, serial_undead_f,
          serial_undead_e, minmay_hedge_maze
D:5:      layout_rooms, kennysheep_mini, amcnicky_altar_gilded, temple_statues
D:6:      dreamdust_elfheim, layout_basic
D:7:      minmay_the_grid_octo_tiled_squarecenter
          [minmay_the_grid_octo_checkered, minmay_the_grid_octo_fan_narrow,
          minmay_the_grid_octo_focus, minmay_the_grid_octo_checkerflower,
          minmay_the_grid_square_5x5_megaprize_crossed,
          minmay_the_grid_square_5x5_six_small,
          minmay_the_grid_square_5x5_fancy_junction,
          minmay_the_grid_square_5x5_two_walls_a,
          minmay_the_grid_square_5x5_hourglass], layout_basic,
          gammafunk_temple_overflow_elements, amethyst_killhole,
          nicolae_shop_unique_rings, uniq_crazy_yiuf_cottage
Temple:   hellmonk_temple_flake

Skill      XL: |  1  2  3  4  5  6  7  8  9 |
---------------+----------------------------+-----
Long Blades    | 3 5 6 7 8 11 12 | 12.7
Invocations    | 1 3 |  3.5
Fighting       | |  3.0
Throwing       | |  0.6
Dodging        | |  2.6
Stealth        | |  1.7

Action                   |  1- 3 |  4- 6 |  7- 9 || total
-------------------------+-------+-------+-------++-------
Melee: Falchion          |    35 |   107 |   469 ||   611
       Punch             |     1 |     2 |     6 ||     9
Throw: Dart              |     2 |     1 |       ||     3
  Use: Potion            |       |     3 |     5 ||     8
       Scroll            |       |       |     7 ||     7
 Stab: Sleeping          |     4 |     5 |     2 ||    11
Armor: Robe              |     8 |     1 |       ||     9
       Ring mail         |       |    29 |   109 ||   138
       Fire dragon scale |       |       |     4 ||     4
Dodge: Dodged            |    23 |    75 |   357 ||   455
       Repelled          |       |       |     4 ||     4

Table legend: (Time is in decaauts)
 A = Elapsed time spent in this place.
 B = Non-inter-level travel time spent in this place.
 C = Inter-level travel time spent in this place.
 D = Time resting spent in this place.
 E = Time spent auto-exploring this place.
 F = Levels seen in this place.
 G = Mean time per level.
                   A        B        C        D        E       F      G
               +--------+--------+--------+--------+--------+-----+--------+
         Total |   8327 |   7981 |    346 |   2545 |   4020 |   8 | 1040.9 |
       Dungeon |   8141 |   7806 |    335 |   2545 |   3886 |   7 | 1163.0 |
        Temple |    186 |    176 |     10 |      0 |    134 |   1 |  186.0 |
               +--------+--------+--------+--------+--------+-----+--------+

Top non-repeatable levels by time:
     D:2: 1475 daAuts
     D:4: 1429 daAuts
     D:3: 1278 daAuts
     D:5: 1214 daAuts
     D:1: 954 daAuts
     D:7: 933 daAuts
     D:6: 855 daAuts
  Temple: 186 daAuts
